 Dungeon Crawl Stone Soup version 0.28-a0-1415-g7c84da036a (webtiles) character file.

Game seed: 2315435527591634311

91 southernslant the Skirmisher (level 4, -1/28 HPs)
             Began as a Gargoyle Gladiator on Jan 7, 2022.
             Slain by a scorpion (8 damage)
             ... on level 4 of the Dungeon.
             The game lasted 00:03:19 (2952 turns).

southernslant the Skirmisher (Gargoyle Gladiator)   Turns: 2952, Time: 00:03:20

Health: -1/28      AC:  8    Str: 18    XL:     4   Next: 59%
Magic:  4/4        EV: 12    Int:  8    God:
Gold:   137        SH:  0    Dex: 13    Spells: 3/3 levels left

rFire   . . .      SeeInvis .   a - +0 trident
rCold   . . .      Faith    .   (no shield)
rNeg    + . .      Spirit   .   b - +0 leather armour
rPois   ∞          Reflect  .   c - +0 helmet
rElec   +          Harm     .   (no cloak)
rCorr   .          Rampage  .   (no gloves)
Will    .....                   (no boots)
Stlth   +.........              (no amulet)
HPRegen 0.09/turn               (no ring)
MPRegen 0.09/turn               (no ring)

@: no status effects
A: sickness immunity, AC +3, negative energy resistance 1, electricity
resistance, torment resistance 1, petrification resistance
a: no special abilities


You were on level 4 of the Dungeon.
You visited 1 branch of the dungeon, and saw 4 of its levels.

You collected 163 gold pieces.
You spent 26 gold pieces at shops.

Inventory:

Hand Weapons
 a - a +0 trident (weapon)
Missiles
 d - 3 throwing nets
 f - 56 stones (quivered)
Armour
 b - a +0 leather armour (worn)
 c - a +0 helmet (worn)
Magical Staves
 p - a staff of cold
Jewellery
 g - a ring of protection from fire
 i - a ring of flight
Scrolls
 h - a scroll of summoning {unknown}
 j - 3 scrolls of identify
 m - a scroll of brand weapon {unknown}
Potions
 e - a potion of heal wounds {unknown}
 k - a potion of berserk rage {unknown}
 l - 2 potions of degeneration {unknown}
 n - 2 potions of lignification {unknown}
 o - a potion of curing {unknown}


   Skills:
 * Level 3.2 Fighting
 + Level 3.0 Polearms
 + Level 2.2 Throwing
 * Level 2.3 Armour
 + Level 2.7 Dodging


You had 3 spell levels left.
You didn't know any spells.
Your spell library contained the following spells:

 Spells                   Type           Power      Damage    Failure   Level
 Animate Skeleton         Necr           0%         N/A       45%         1
 Pain                     Necr           0%         1d4       45%         1
 Vampiric Draining        Necr           0%         2d6       83%         3


Dungeon Overview and Level Annotations

Branches:
Dungeon (4/15)
 Temple: D:4-7

Altars:

Shops:
D:1 (   D:2 ?


Innate Abilities, Weirdness & Mutations

You are immune to sickness and miasma.
Your stone body is resilient. (AC +3)
You are immune to poison.
You resist negative energy. (rN+)
You are resistant to electric shocks. (rElec)
You are resistant to unholy torment.
You are immune to petrification.


Message History

a +0 dagger; a +0 leather armour As you open the door, it creaks loudly!
A scorpion comes into view.
The scorpion moves out of view.
There is an open door here.
A giant cockroach comes into view.
There are monsters nearby!
The giant cockroach waves its antennae.
You closely miss the scorpion.
The scorpion stings you but does no damage. x2
You puncture the scorpion!
The scorpion is heavily wounded.
The scorpion stings you!
You closely miss the scorpion.
The scorpion is heavily wounded.
The scorpion stings you.
The giant cockroach bites you but does no damage.
The scorpion barely misses you.
You hit the scorpion.
The scorpion is severely wounded.
The giant cockroach misses you.
The giant cockroach bites you but does no damage.
The scorpion misses you.
You closely miss the scorpion.
The scorpion is severely wounded.
The giant cockroach barely misses you. The scorpion misses you.
You barely miss the scorpion.
The scorpion is severely wounded.
The giant cockroach bites you but does no damage.
The scorpion stings you!
You closely miss the scorpion.
The scorpion is severely wounded.
The scorpion stings you.
* * * LOW HITPOINT WARNING * * *
The giant cockroach closely misses you. The scorpion closely misses you.
The giant cockroach barely misses you.
You barely miss the scorpion.
The scorpion is severely wounded.
The scorpion stings you!
You die...

#########
#.......#
#.......#
#.......#
+.......#
#.......#
#.......##########
#......s##.......#
+......B@'.......#
#........#.).....#
#.......##.<.....#
#.......##########
.........
.........
......... .######


You could see a scorpion and a giant cockroach.

Vanquished Creatures
  A gnoll (D:1)
  An adder (D:2)
  An ufetubus (D:3)
  4 worms
  5 orcs
  5 ball pythons
  3 bats (D:3)
  6 endoplasms
  4 goblins
  4 hobgoblins
  2 quokkas (D:1)
  A frilled lizard (D:1)
  9 kobolds
  5 rats
51 creatures vanquished.

Notes
Turn   | Place    | Note
-------+----------+-------------------------------------------
     0 | D:1      | southernslant the Gargoyle Gladiator began the quest for
                  | the Orb.
     0 | D:1      | Reached XP level 1. HP: 12/12 MP: 1/1
    13 | D:1      | Reached XP level 2. HP: 9/18 MP: 2/2
   177 | D:1      | Reached skill level 1 in Armour
   183 | D:1      | Found Eloshel's Weapon Shoppe.
   555 | D:1      | You fall into a shaft and drop 1 floor!
   588 | D:2      | Reached XP level 3. HP: 22/22 MP: 3/3
   878 | D:2      | Found Yzettyp's Magic Scroll Emporium.
  1083 | D:2      | Bought a scroll of identify for 26 gold pieces
  1917 | D:3      | Reached XP level 4. HP: 28/28 MP: 4/4
  2941 | D:4      | Noticed a scorpion
  2952 | D:4      | Slain by a scorpion

Illustrated notes

Levels and vault maps discovered:
D:1:      psy_arrival_terrarium, layout_rooms, serial_shops,
          nicolae_shop_temple_entry_statues_fountains, corner_web_ring,
          feat_on_display
D:2:      layout_loops_ring, serial_shops, shop, grunt_ministairs_2
D:3:      layout_basic
D:4:      layout_gridville, nicolae_shop_fire_sale [nicolae_sub_dead_trees],
          uniq_sigmund

Skill      XL: |  1  2  3  4 |
---------------+-------------+-----
Armour         | 1 2 |  2.3
Throwing       | 2 |  2.2
Fighting       | 3 |  3.2
Polearms       | 3 |  3.0
Dodging        | |  2.7

Action                   |  1- 3 |  4- 6 || total
-------------------------+-------+-------++-------
Melee: Trident           |   104 |    65 ||   169
       Punch             |     2 |       ||     2
Throw: Stone             |       |     1 ||     1
 Stab: Sleeping          |     1 |       ||     1
Armor: Leather armour    |    28 |    18 ||    46
Dodge: Dodged            |    45 |    41 ||    86

Table legend: (Time is in decaauts)
 A = Elapsed time spent in this place.
 B = Non-inter-level travel time spent in this place.
 C = Inter-level travel time spent in this place.
 D = Time resting spent in this place.
 E = Time spent auto-exploring this place.
 F = Levels seen in this place.
 G = Mean time per level.
                   A        B        C        D        E       F      G
               +--------+--------+--------+--------+--------+-----+--------+
         Total |   2978 |   2978 |      0 |      0 |   2515 |   4 |  744.5 |
       Dungeon |   2978 |   2978 |      0 |      0 |   2515 |   4 |  744.5 |
               +--------+--------+--------+--------+--------+-----+--------+

Top non-repeatable levels by time:
     D:2: 1135 daAuts
     D:3: 1039 daAuts
     D:1: 784 daAuts
     D:4: 18 daAuts
